Unix NetHack Version 3.7.0-80 Work-in-progress - last build Apr 4 2023 12:38:21 (790859391a0ee7bd3181b412646ad1b7e633ff00,branch:master). Game began 2023-04-10 23:10:16, ended 2023-04-16 00:05:44. DoktorL, lawful male human Samurai A A @A--------- A|....H..| ----- @|...@...| ...| |...@...| ---------..-- --- |.....H.| |.......|.%.-- --... | |.......| | |.......|..%.---..... |. ----@---- .| |..._......$%%-)...... |......A@@T...| |.......|..%.---%...... ---....A....--- |.......|...-- --?..... -----H----- ---------..-- ----.-- -..0A... ...| -...------- ......... ----- ..........| ........ .....%...-- ........ .......%.--.......- .........----.---- ...........%).. -------------- DoktorL the Ryoshu St:25 Dx:17 Co:18 In:9 Wi:13 Ch:6 Lawful S:822215 Astral Plane $:159 HP:117(200) Pw:60(60) AC:-20 Xp:15/180537 T:26516 Latest messages: The Angel of Moloch swings his long sword. The Angel of Moloch hits! The Angel of Moloch swings his long sword. The Angel of Moloch hits again! The Angel of Moloch hits! The Angel of Moloch casts a spell at you! You are hit by a shower of missiles! The missiles bounce off! The frost giant misses! You hear a chugging sound. For some reason, the invisible frost giant's presence is known to you. You feel aggravated at the invisible frost giant. You hear a chugging sound. The invisible priest of Susanowo wields a mace! What do you want to zap? [gjkmnuvLMRUY or ?*] In what direction? The frost giant vanishes and reappears close by. The invisible priest of Susanowo swings wildly and misses! The invisible priest of Susanowo casts a spell at thin air! You hear a mumbled curse. The Angel of Moloch points at you, then curses. The high priest intones: "Pilgrim, you enter a sacred place!" The invisible frost giant wields a two-handed sword! You hear a chugging sound. Pick an object. The invisible frost giant turns to flee. The Angel of Raijin zaps you with a magic missile! The magic missile whizzes by you! The magic missile hits the high priest of Amaterasu Omikami! The frost giant throws a boulder! The boulder misses the Angel of Raijin. A boulder misses you. The Angel of Raijin zaps you with a magic missile! The magic missile hits you! But it reflects from your armor! The magic missile hits the Angel of Raijin. The Angel of Raijin casts aspersions on your ancestry. You hear a chugging sound. You hear a chugging sound. The Angel of Moloch points at you, then curses. "This time I shall let thee off with a spanking, but let it not happen again." # What do you want to sacrifice? [r or ?*] You offer the Amulet of Yendor to Amaterasu Omikami... An invisible choir sings, and you are bathed in radiance... The voice of Amaterasu Omikami thunders: "Mortal, thou hast done well!" "In return for thy service, I grant thee the gift of Immortality!" You ascend to the status of Demigod... Do you want your possessions identified? [ynq] (y) Inventory: Coins $ - 159 gold pieces Amulets y - a cursed amulet of ESP (being worn) N - an uncursed amulet of flying o - a blessed amulet of magical breathing Weapons z - 36 rusty +3 shuriken named 3-4 (at the ready) a - the blessed rustproof +6 Excalibur (wielded in right hand) X - a rustproof +5 katana (wielded in left hand) h - a blessed +1 silver saber Armor G - a blessed rustproof +2 dwarvish iron helm (being worn) T - an uncursed thoroughly rusty +0 pair of gauntlets of power (being worn) E - a blessed fireproof +2 pair of speed boots (being worn) D - a blessed fireproof +3 cloak of magic resistance (being worn) A - a blessed +3 silver dragon scale mail (being worn) Comestibles H - an uncursed lizard corpse Spellbooks I - the uncursed Book of the Dead Rings w - a blessed ring of free action (on right hand) W - an uncursed ring of shock resistance J - an uncursed ring of stealth p - a cursed ring of sustain ability (on left hand) Wands v - a wand of cancellation (0:5) u - a wand of death (1:8) j - a wand of death (0:0) U - a wand of digging (0:5) m - a wand of digging (0:4) n - a wand of digging (0:4) g - a wand of digging (0:1) R - a wand of polymorph named nc (0:3) L - a cursed wand of sleep (1:1) Y - a wand of slow monster (1:0) k - a wand of striking (0:3) M - a wand of teleportation named nc (0:2) Tools t - a blessed bag of holding named PRAY:7815 containing 48 items c - an empty uncursed oilskin sack b - a cursed bugle P - the Bell of Opening (0:2) f - the uncursed Candelabrum of Invocation (0 of 7 candles attached) l - an uncursed oil lamp Z - an uncursed oil lamp (lit) s - an uncursed skeleton key V - an uncursed wet towel e - a blessed +0 unicorn horn named ALL RES Gems/Stones C - a blessed luckstone Contents of the bag of holding named PRAY:7815: an uncursed amulet of guarding an uncursed amulet of life saving an uncursed eucalyptus leaf an uncursed gunyoki 9 uncursed K-rations 2 uncursed lembas wafers 7 uncursed lumps of royal jelly 2 uncursed lizard corpses 2 blessed scrolls of blank paper named nc an uncursed scroll of confuse monster a cursed scroll of confuse monster an uncursed scroll of remove curse an uncursed scroll of scare monster a blessed scroll of charging 2 uncursed scrolls of earth an uncursed scroll of enchant weapon an uncursed scroll of stinking cloud a blessed scroll of taming an uncursed scroll of taming an uncursed scroll of taming a cursed scroll of teleportation 4 potions of holy water 2 potions of unholy water 7 blessed diluted potions of full healing an uncursed potion of monster detection an uncursed potion of restore ability an uncursed ring of conflict an uncursed ring of fire resistance an uncursed ring of polymorph control named nc a wand of digging (0:4) a wand of digging named x3 (0:2) a cursed wand of digging named x0 (0:4) a wand of digging (0:4) a wand of enlightenment (0:4) a wand of fire (0:8) a cursed wand of light (0:10) a wand of make invisible named nc (0:3) a wand of secret door detection (2:7) a wand of secret door detection (2:7) a wand of striking (0:3) a wand of striking (0:3) a wand of wishing (1:2) 4 uncursed wax candles a magic marker (1:30) an uncursed stethoscope a +0 unicorn horn 2 uncursed opals a blessed luckstone DoktorL the Samurai's attributes: Background: You were a Ryoshu, a level 15 male human Samurai. You were lawful, on a mission for Amaterasu Omikami who was opposed by Raijin (neutral) and Susanowo (chaotic). You were in the endgame, on the Astral Plane. You entered the dungeon 26516 turns ago. It was the midnight hour. You had 180537 experience points, 139463 more were needed to attain level 16. Your score was 822215 before end-of-game adjustments. Basics: You had 117 out of 200 hit points. You had all 60 energy points (spell power). Your armor class was -20. Your wallet contained 159 zorkmids. Autopickup was off. Final Characteristics: Your strength was 25 (base:18/03, innate limit:18/100). Your dexterity was 17 (limit:18). Your constitution was 18 (limit:18). Your intelligence was 9 (limit:18). Your wisdom was 13 (limit:18). Your charisma was 6 (limit:18). Final Status: You were not hungry. You were unencumbered. You were wielding two weapons at once. You had expert skill with long sword and two weapons. Final Attributes: You were piously aligned. You were magic-protected. You were fire resistant. You were cold resistant. You were sleep resistant. You were disintegration resistant. You were shock resistant. You were poison resistant. You were level-drain resistant. You saw invisible. You were telepathic. You had automatic searching. You were invisible to others. You were stealthy. You had a moderate defense bonus (+7). You were warded. You were very fast. You had reflection. You had free action. You had fixed abilities. You were extremely lucky. You had extra luck. Good luck did not time out for you. You survived. Miscellaneous: You never encountered a bones level. Total elapsed playing time was 7 hours, 27 minutes and 19 seconds. Major events: Turn 1: DoktorL the lawful male human Samurai entered the dungeon 464: attained the rank of Ronin (level 3) 1873: entered the Gnomish Mines 2761: attained the rank of Ninja (level 6) 5123: entered Sokoban 5376: completed 1st Sokoban level 6025: completed 2nd Sokoban level 6402: completed 3rd Sokoban level 7475: completed 4th Sokoban level 8532: signified by divine providence, was chosen to carry Excalibur 9149: attained the rank of Joshu (level 10) 9500: acquired the Mines' End luckstone 10470: made his first wish - "blessed +2 gray dragon scale mail", got "a gray dragon scale mail" 12444: entered the Bigroom 16134: killed Medusa 19267: wished for "2 scrolls of genocide", got "2 scrolls labeled LEP GEX VEN ZEA" 19271: performed his first genocide (class L) 19390: wished for "blessed fixed +2 cloak of magic resistance", got "a piece of cloth" 19635: entered Gehennom 19903: attained the rank of Ryoshu (level 14) 21338: killed Ashikaga Takauji 21339: found the Tsurugi of Muramasa on the floor 21340: acquired the Bell of Opening 22589: killed the invisible Juiblex 22790: killed the invisible Baalzebub 22989: killed the invisible Asmodeus 23377: destroyed Vlad the Impaler 23378: acquired the Candelabrum of Invocation 23588: killed Orcus 23671: genocided shocking spheres 24336: killed the Wizard of Yendor 24337: acquired the Book of the Dead 24345: performed the invocation 24592: killed the high priest of Moloch 24593: acquired The Amulet of Yendor 24801: killed the Wizard of Yendor (2nd time) 24997: found Trollsbane on the floor 25011: killed the Wizard of Yendor (3rd time) 25031: wished for "2 blessed scrolls of charging", got "2 scrolls labeled VELOX NEB" 25037: wished for "marker", got "a magic marker" 25447: killed the Wizard of Yendor (5th time) 26170: entered the Elemental Planes 26170: entered Plane of Earth 26234: entered Plane of Air 26334: entered Plane of Fire 26348: entered Plane of Water 26420: entered the Astral Plane 26438: killed Pestilence 26476: killed Pestilence (2nd time) 26503: killed Famine 26516: ascended Vanquished creatures: Asmodeus Baalzebub Orcus Juiblex the Wizard of Yendor (7 times) Pestilence (twice) Famine Vlad the Impaler a high cleric Medusa 3 storm giants 2 balrogs a purple worm a gray dragon 7 silver dragons 2 red dragons a white dragon an orange dragon 3 black dragons 4 blue dragons a green dragon 2 yellow dragons 17 minotaurs a jabberwock Ashikaga Takauji a baluchitherium 4 Angels a demilich a stone golem a master mind flayer 2 Olog-hai a hell hound 4 titanotheres a baby green dragon a genetic engineer 26 vampire leaders 3 skeletons 15 aligned clerics 6 captains 6 shades a lich 2 clay golems 2 nurses 8 ice devils 2 nalfeshnees 2 ettins 10 black puddings 16 vampires 4 lieutenants 23 ghosts 7 samurai 2 queen bees 2 winged gargoyles 3 mind flayers 4 giant mimics a long worm 3 zruties 6 ogre tyrants 14 ice trolls 4 rock trolls 4 umber hulks 3 flesh golems an elven monarch a hezrou 8 bone devils 10 large mimics 2 wumpuses 20 stalkers 10 air elementals 4 fire elementals an earth elemental 3 water elementals 8 hill giants a giant mummy 5 xorns 16 giant zombies 6 sergeants 5 barbed devils a vrock 3 salamanders 5 wargs a hell hound pup 10 small mimics 2 warhorses 3 steam vortices 5 xans 2 ettin mummies 4 ogre leaders 8 quantum mechanics 14 trolls 2 wood golems 2 erinyes a marilith 2 djinn 4 sharks 4 gelatinous cubes a pyrolisk a large dog 7 flaming spheres 4 shocking spheres 3 large cats 4 tigers 3 gargoyles a dwarf ruler 4 ochre jellies 6 leocrottas 5 energy vortices a mountain centaur 2 stone giants 2 elf mummies 2 human mummies a red naga 3 pythons 3 pit vipers 3 cobras 26 wraiths 14 ettin zombies 3 leather golems 9 Grey-elves 44 soldiers 9 amorous demons 5 horned devils a chameleon 2 crocodiles 26 giant beetles 3 quivering blobs 8 cockatrices 26 wolves 5 winter wolf cubs 3 lynxes a panther 31 gremlins a leprechaun 6 orc-captains 3 iron piercers a mumak 4 giant spiders 3 scorpions 2 horses 2 ice vortices 2 black lights 4 vampire bats 3 forest centaurs 4 gnome rulers 3 orc mummies 3 dwarf mummies 2 brown puddings 5 rust monsters 3 owlbears 2 yetis a gold golem 3 werewolves 13 Green-elves a piranha 6 giant eels 9 lizards 18 ninja 5 chickatrices 4 dingoes 3 dogs 2 housecats 4 jaguars 2 blue jellies 2 gray unicorns 5 dust vortices 27 ravens a plains centaur 2 gnome mummies 5 snakes 6 apes 22 human zombies a rope golem 6 Woodland-elves 24 soldier ants 31 fire ants 2 bugbears 3 imps 7 lemures a quasit 5 wood nymphs a water nymph 4 mountain nymphs 13 Mordor orcs 23 Uruk-hai 11 orc shamans 9 rock piercers 2 ponies 4 fog clouds 5 yellow lights 4 shriekers 3 violet fungi 18 gnome leaders 7 gnomish wizards 3 kobold mummies a golden naga hatchling 2 gray oozes 3 barrow wights 10 elf zombies 10 ghouls 2 straw golems a paper golem a jellyfish 35 giant ants a little dog 4 floating eyes 9 dwarves 2 homunculi a kobold leader 29 hill orcs 10 rothes 3 rabid rats 5 giant bats a monkey 10 orc zombies 5 dwarf zombies a wererat 7 iguanas 50 killer bees 2 acid blobs 4 coyotes a gas spore 8 manes a large kobold a hobgoblin 3 orcs 4 giant rats 4 cave spiders 3 brown molds 2 yellow molds 61 gnomes 4 garter snakes 16 gnome zombies 7 geckos 9 jackals 2 foxes a kobold 6 goblins 4 sewer rats 11 grid bugs 4 bats 5 lichens 13 kobold zombies 6 newts 1472 creatures vanquished. Genocided or extinct species: killer bees (extinct) shocking spheres liches demiliches master liches arch-liches 5 species genocided. 1 species extinct. Voluntary challenges: You read items or engraved 77 times. You engraved Elbereth 2 times. You genocided 5 types of monsters. You never changed form. You used 5 wishes. You did not wish for any artifacts. You did not violate any of the special Sokoban rules. Achievements: You attained the rank of Ronin. You entered the Gnomish Mines. You attained the rank of Ninja. You entered Sokoban. You attained the rank of Joshu. You completed the Gnomish Mines. You entered the Big Room. You entered a shop. You entered a temple. You defeated Medusa. You entered Gehennom. You attained the rank of Ryoshu. You had the Bell of Opening. You had the Candelabrum of Invocation. You had the Book of the Dead. You gained access to Moloch's Sanctum. You reached the Elemental Planes. You reached the Astral Plane. You delivered the Amulet of Yendor. You ascended! The Elemental Planes: Astral Plane: <- You are here. Some temples. Plane of Water: Plane of Fire: Plane of Air: Plane of Earth: The Dungeons of Doom: levels 1 to 29 Level 1: "vault, tele scroll" A fountain. One way stairs up to The Elemental Planes. Level 2: Level 3: A grave. Level 4: Stairs down to The Gnomish Mines. Level 5: A fountain. Level 6: Many fountains. Oracle of Delphi. Level 7: A grave. Stairs up to Sokoban, level 6. Level 8: A grave. Level 9: A fountain. Level 10: Level 11: A fountain. Level 12: A very big room. Level 13: Portal to The Quest. Level 14: A grave. Level 15: A sink. Level 16: A sink. Level 17: A primitive area. Level 18: A fountain, a sink. Level 19: Level 20: "level tele" An altar to Amaterasu Omikami. Level 21: A general store, a fountain. Level 22: A temple. Level 23: Level 24: "lvl tele" Level 25: Level 26: Level 27: Many trees. Level 28: Level 29: A fountain. The castle. Gehennom: levels 30 to 51 Level 30: A temple, many graves. Valley of the Dead. Level 31: Level 32: Level 33: Level 34: A fountain. Level 35: Level 36: Level 37: Level 38: Stairs up to Vlad's Tower, level 37. Level 39: Level 40: Level 41: Level 42: Level 43: An altar. Level 44: Level 45: Level 46: Level 47: Level 48: Level 49: Level 50: Level 51: A temple, many graves. Moloch's Sanctum. The Gnomish Mines: levels 5 to 13 Level 5: "stash" Level 6: Level 7: Level 8: An altar to Amaterasu Omikami, some fountains. Level 9: Level 10: Level 11: Level 12: Level 13: The Quest: levels 1 to 5 Level 1: Completed quest for Lord Sato. Level 2: Level 3: Level 4: Level 5: Sokoban: levels 6 up to 3 Level 3: Solved. Level 4: Solved. Level 5: Solved. Level 6: Solved. Vlad's Tower: levels 37 up to 35 Level 35: Level 36: Level 37: Sayonara DoktorL the Demigod... You went to your reward with 1706780 points, Excalibur (worth 4000 zorkmids and 10000 points) The Candelabrum of Invocation (worth 5000 zorkmids and 12500 points) The Book of the Dead (worth 10000 zorkmids and 25000 points) The Bell of Opening (worth 5000 zorkmids and 12500 points) and 159 pieces of gold, after 26516 moves. You were level 15 with a maximum of 200 hit points when you ascended.